 Dungeon Crawl Stone Soup version 0.23.2-1-ga50397a (webtiles) character file.

Game seed: 16386877505476271326

53 seyes the Changer (level 3, -1/26 HPs)
             Began as a Demonspawn Transmuter on May 29, 2019.
             Slain by a gnoll
             ... wielding a +0 flail
              (5 damage)
             ... on level 2 of the Dungeon.
             The game lasted 00:10:28 (1587 turns).

seyes the Changer (Demonspawn Transmuter)           Turns: 1587, Time: 00:10:29

Health: -1/26      AC:  2    Str: 10    XL:     3   Next: 64%
Magic:  6/6        EV: 12    Int: 15    God:
Gold:   44         SH:  0    Dex: 13    Spells: 0/6 levels left

rFire    . . .     SeeInvis .     - Unarmed
rCold    . . .     Gourm    .   (no shield)
rNeg     . . .     Faith    .   b - +0 robe
rPois    .         Spirit   .   (no helmet)
rElec    .         Reflect  .   (no cloak)
rCorr    .         Harm     .   (no gloves)
MR       .....                  (no boots)
Stlth    +.........             (no amulet)
HPRegen  0.08/turn              (no ring)
MPRegen  0.10/turn              (no ring)

@: appendage
A: horns 2, talons 1, powered by death 1
a: End Transformation


You were on level 2 of the Dungeon.
You were hungry.
You had grown temporary horns.
You visited 1 branch of the dungeon, and saw 2 of its levels.

You collected 44 gold pieces.

Inventory:

Missiles
 a - 12 arrows
 i - 22 stones (quivered)
 j - 17 poisoned needles
Armour
 b - a +0 robe (worn)
Scrolls
 h - a scroll of immolation {unknown}
 k - a scroll of amnesia {unknown}
Potions
 c - a potion of berserk rage {unknown}
 e - 2 potions of heal wounds {unknown}
 f - 2 potions of ambrosia {unknown}
 g - 2 potions of curing {unknown}
Comestibles
 d - a ration


   Skills:
 - Level 1.0 Fighting
 - Level 1.7 Dodging
 - Level 2.6 Unarmed Combat
 + Level 2.3 Spellcasting
 + Level 3.4 Transmutations
 + Level 0.2 Poison Magic


You couldn't memorise any spells.
You knew the following spells:

 Your Spells              Type           Power        Failure   Level  Hunger
a - Beastly Appendage     Tmut           ##....       5%          1    #......
d - Spider Form           Tmut/Pois      #.........   30%         3    ###....
t - Sticks to Snakes      Tmut           ##......     8%          2    ###....

Your spell library contained the following spells:

 Spells                   Type           Power        Failure   Level  Hunger
 Ice Form                 Ice/Tmut       #.......     71%         4    #####..
 Blade Hands              Tmut           ##........   82%         5    ######.


Dungeon Overview and Level Annotations

Branches:
Dungeon (2/15)

Altars:


Innate Abilities, Weirdness & Mutations

You have sharp toenails.
You regenerate a little health from kills.
You have a pair of horns on your head.


Message History

You kill the hobgoblin!
You are feeling hungry.
You hit the gnoll. Your kick misses the gnoll.
The gnoll is lightly wounded.
The gnoll hits you with a +0 flail!
You hit the gnoll. You claw the gnoll.
The gnoll is moderately wounded.
The gnoll hits you with a +0 flail!
Ouch! That really hurt!
* * * LOW HITPOINT WARNING * * *
Okay, then.
Unknown command.
Unknown command.
Okay, then.
Unknown command.
Unknown command.
You closely miss the gnoll. Your headbutt misses the gnoll.
The gnoll is moderately wounded.
The gnoll hits you with a +0 flail.
You die...

########
#...)..#
#.###.##
#.#.#.#
#.#<#.#
#.#@#.##
#g#.g..#
#.######
g.


You could see a gnoll.

Vanquished Creatures
  3 oozes (D:1)
  A dart slug (D:1)
  3 giant cockroaches (D:1)
  4 hobgoblins
  3 jackals (D:1)
  3 kobolds (D:1)
  3 bats (D:1)
  3 frilled lizards (D:1)
  7 goblins (D:1)
  8 rats (D:1)
38 creatures vanquished.

Notes
Turn   | Place    | Note
-------+----------+-------------------------------------------
     0 | D:1      | seyes the Demonspawn Transmuter began the quest for the
                  | Orb.
     0 | D:1      | Reached XP level 1. HP: 15/15 MP: 3/3
    31 | D:1      | Reached skill level 2 in Transmutations
    80 | D:1      | Mutation became permanent: You have razor-sharp toenails.
                  | [demonic ancestry]
    80 | D:1      | Gained mutation: You have claws for feet. [demonic
                  | ancestry]
    80 | D:1      | Reached XP level 2. HP: 15/21 MP: 3/5
   373 | D:1      | Learned a level 2 spell: Sticks to Snakes
   435 | D:1      | Reached skill level 3 in Transmutations
   653 | D:1      | Gained mutation: You regenerate a little health from kills.
                  | [demonic ancestry]
   653 | D:1      | Reached XP level 3. HP: 21/26 MP: 6/6
  1108 | D:1      | Learned a level 3 spell: Spider Form
  1587 | D:2      | Slain by a gnoll

Skill      XL: |  1  2 |
---------------+-------+-----
Transmutations | 2 3 |  3.4
Fighting       | |  1.0
Dodging        | |  1.7
Unarmed Combat | |  2.6
Spellcasting   | |  2.3
Poison Magic   | |  0.2

Action                   || total
-------------------------++-------
Melee: Unarmed           ||   108
       Kick              ||    23
       Headbutt          ||     8
       Punch             ||     1
Throw: Stone             ||     4
 Cast: Beastly Appendage ||    19
 Stab: Sleeping          ||     4
  Eat: Chunk             ||     2
Armor: Robe              ||     7
Dodge: Dodged            ||    44
